 Dungeon Crawl Stone Soup version 0.24.0-123-gd5b16e6ec5 (webtiles) character file.

Game seed: 13324167501024048594, levelgen mode: deterministic

696 Peloso the Shield-Bearer (level 7, -4/61 HPs)
             Began as a Minotaur Fighter on Jan 11, 2020.
             Was a Follower of Okawaru.
             Shot with an arrow by a centaur (5 damage)
             ... on level 5 of the Dungeon.
             The game lasted 00:10:21 (2831 turns).

Peloso the Shield-Bearer (Minotaur Fighter)         Turns: 2831, Time: 00:10:22

Health: -4/61      AC: 10    Str: 21      XL:     7   Next: 37%
Magic:  6/6        EV:  9    Int:  5      God:    Okawaru [*.....]
Gold:   262        SH: 12    Dex: 10 (11) Spells: 6/6 levels left

rFire    . . .     SeeInvis .   a - +0 long sword
rCold    . . .     Gourm    .   c - +2 shield
rNeg     . . .     Faith    .   j - +0 scale mail
rPois    .         Spirit   .   (helmet unavailable)
rElec    .         Reflect  .   (no cloak)
rCorr    .         Harm     .   (no gloves)
MR       .....                  l - +0 pair of boots
Stlth    ..........             (no amulet)
HPRegen  0.20/turn              h - ring of wizardry
MPRegen  0.10/turn              n - ring of flight

@: no status effects
A: retaliatory headbutt, horns 3, thin metallic scales 1, deterioration 1
a: Heroism, Renounce Religion, Evoke Flight


You were on level 5 of the Dungeon.
You worshipped Okawaru.
Okawaru was aware of your devotion.
You were hungry.

You visited 1 branch of the dungeon, and saw 5 of its levels.

You collected 262 gold pieces.

Inventory:

Hand Weapons
 a - a +0 long sword (weapon)
Armour
 c - a +2 shield (worn)
 j - a +0 scale mail (worn)
 l - a +0 pair of boots (worn)
Jewellery
 h - a ring of wizardry (left hand)
 n - a ring of flight (right hand)
Wands
 s - a wand of digging (6)
Scrolls
 b - 2 scrolls of fear {unknown}
 g - 11 scrolls of identify {unknown}
 i - a scroll of enchant weapon {unknown}
 k - a scroll of immolation {unknown}
 m - a scroll of magic mapping {unknown}
 p - a scroll of teleportation {unknown}
 q - a scroll of remove curse {unknown}
 r - a scroll of holy word {unknown}
 t - 2 scrolls of noise {unknown}
Potions
 d - 2 potions of might
 e - a potion of brilliance
 o - a potion of lignification {unknown}
Comestibles
 f - 10 rations


   Skills:
 + Level 5.1 Fighting
 + Level 5.9 Long Blades
 + Level 4.8 Armour
 + Level 2.1 Dodging
 + Level 1.2 Stealth
 + Level 6.5 Shields


You had 6 spell levels left.
You didn't know any spells.
Your spell library was empty.

Dungeon Overview and Level Annotations

Branches:
Dungeon (5/15)
 Temple: D:4-7

Altars:
Ashenzari
Cheibriados
Makhleb
Okawaru
Ru
Sif Muna
Uskayaw
Wu Jian

Shops:
D:5 *

Annotations:
D:3 1 runed translucent door, rumpelstilzz's ghost, amateur OpVM


Innate Abilities, Weirdness & Mutations

You reflexively headbutt those who attack you in melee.
You have a pair of large horns on your head.
You are partially covered in thin metallic scales. (AC +2)
Your body sometimes deteriorates upon taking damage.


Message History

An adder comes into view.
The adder hisses angrily.
The centaur shoots an arrow.
You block the arrow.
The centaur shoots an arrow.
The arrow hits you.
* * * LOW HITPOINT WARNING * * *
You see here 2 arrows.
The centaur shoots an arrow.
The arrow barely misses you.
You see here an arrow.
There are monsters nearby!
There are monsters nearby!
The centaur shoots an arrow.
The arrow hits you but does no damage.
Found a stone staircase leading down.
The centaur shoots an arrow.
You block the arrow.
The centaur shoots an arrow.
The arrow hits you but does no damage. The adder bites you but does no damage.
The centaur shoots an arrow.
The arrow hits you.
* * * LOW HITPOINT WARNING * * *
The adder barely misses you.
The centaur shoots an arrow.
The arrow closely misses you. You block the adder's attack.
The centaur shoots an arrow.
The arrow hits you.
You die...

.........#####... ..
..........##...# #...
>.##............#.###...
....................#...
..........#####...#.....
.#........# #...##....
...c......#####.#..##...
#...S......##.##..#...
#.@(((%....##..#...
#.####..........?.. #.
#.#......#.... ##
#...##.∩...#..
##..####.#.... #..#
#...... #... #####..
....# .. .. #


You could see a centaur and an adder.

Vanquished Creatures
  Grinder (D:5)
  A phantom (D:4)
  A scorpion (D:5)
  A crimson imp (D:4)
  2 hounds (D:4)
  An orc priest (D:5)
  An orc wizard (D:5)
  An iguana (D:5)
  A hound skeleton (D:4)
  A gnoll (D:1)
  6 adders
  An adder skeleton (D:4)
  A worm (D:2)
  A dart slug (D:1)
  A leopard gecko (D:1)
  7 orcs
  2 ball pythons
  5 giant cockroaches
  4 goblins
  10 hobgoblins
  9 jackals
  14 kobolds
  3 quokkas
  11 bats
  8 frilled lizards
  A leopard gecko skeleton (D:4)
  7 rats
102 creatures vanquished.

Notes
Turn   | Place    | Note
-------+----------+-------------------------------------------
     0 | D:1      | Peloso the Minotaur Fighter began the quest for the Orb.
     0 | D:1      | Reached XP level 1. HP: 19/19 MP: 0/0
    16 | D:1      | Reached skill level 4 in Shields
    20 | D:1      | Reached XP level 2. HP: 22/27 MP: 1/1
   105 | D:1      | Reached XP level 3. HP: 29/33 MP: 2/2
   775 | D:2      | Reached XP level 4. HP: 38/40 MP: 3/3
   808 | D:2      | Reached skill level 5 in Shields
  1122 | D:3      | Found a shattered altar of Ashenzari.
  1122 | D:3      | Found an ornate altar of the Wu Jian Council.
  1122 | D:3      | Found an iron altar of Okawaru.
  1122 | D:3      | Found a shimmering blue altar of Sif Muna.
  1128 | D:3      | Found a hide-covered altar of Uskayaw.
  1129 | D:3      | Found a sacrificial altar of Ru.
  1135 | D:3      | Became a worshipper of Warmaster Okawaru
  1429 | D:3      | Found a snail-covered altar of Cheibriados.
  1638 | D:3      | Found a burning altar of Makhleb.
  1721 | D:3      | Found a runed translucent door.
  1736 | D:3      | Noticed rumpelstilzz's ghost (amateur OpVM)
  1854 | D:3      | Gained mutation: You have a pair of large horns on your
                  | head. [potion of mutation]
  1854 | D:3      | Gained mutation: Your body sometimes deteriorates upon
                  | taking damage. [potion of mutation]
  1854 | D:3      | Gained mutation: You are partially covered in thin metallic
                  | scales. (AC +2) [potion of mutation]
  1864 | D:3      | Reached XP level 5. HP: 47/47 MP: 4/4
  2158 | D:4      | Reached skill level 1 in Dodging
  2315 | D:4      | Noticed a phantom
  2350 | D:4      | Killed a phantom
  2350 | D:4      | Reached XP level 6. HP: 55/55 MP: 5/5
  2443 | D:4      | Reached * piety under Okawaru
  2463 | D:4      | Reached skill level 1 in Stealth
  2463 | D:4      | Reached skill level 6 in Shields
  2696 | D:5      | Entered Level 5 of the Dungeon
  2721 | D:5      | Noticed Grinder
  2735 | D:5      | Killed Grinder
  2735 | D:5      | Reached skill level 5 in Fighting
  2735 | D:5      | Reached skill level 5 in Long Blades
  2735 | D:5      | Reached XP level 7. HP: 21/61 MP: 6/6
  2762 | D:5      | HP: 2/61 [orc priest/divine providence (12)]
  2810 | D:5      | Found Batz's General Store.
  2826 | D:5      | HP: 3/61 [centaur/arrow (5)]
  2830 | D:5      | HP: 1/61 [centaur/arrow (3)]
  2831 | D:5      | Shot with an arrow by a centaur

Levels and vault maps discovered:
D:1:      scummos_arrival_hexagon, layout_basic
D:2:      layout_loops_ring, first_ration, glass_columns_a
D:3:      layout_basic, lightli_temple_of_fire, lemuel_doored_altar,
          grunt_temple_overflow_open, ebering_ghost_sewer_d,
          minmay_fractal_squares_gapless_5
D:4:      layout_cave_pools
D:5:      layout_rooms, doesnt_xom_only_xom, serial_shops,
          kennysheep_little_box, shop, uniq_grinder

Skill      XL: |  1  2  3  4  5  6  7 |
---------------+----------------------+-----
Shields        | 4 5 6 |  6.5
Fighting       | 4 5 |  5.1
Armour         | 4 |  4.8
Long Blades    | 3 4 5 |  5.9
Dodging        | 1 2 |  2.1
Stealth        | 1 |  1.2

Action                   |  1- 3 |  4- 6 |  7- 9 || total
-------------------------+-------+-------+-------++-------
Melee: Long sword        |    87 |   144 |    28 ||   259
       Headbutt          |    18 |    19 |     7 ||    44
  Use: Potion            |       |     5 |       ||     5
 Stab: Invisible         |       |     3 |       ||     3
  Eat: Chunk             |       |     6 |       ||     6
Armor: Scale mail        |    61 |    65 |    11 ||   137
Dodge: Dodged            |    51 |    37 |     3 ||    91
Block: Shield            |    62 |    95 |    18 ||   175
       Rpst.: Long sword |    15 |    12 |       ||    27
